 Dungeon Crawl Stone Soup version 0.27-a0-1181-g5f64966fcc (webtiles) character file.

Game seed: 16783490069762569775

342 Sweetruy1997 the Magician (level 6, -3/32 HPs)
             Began as a Deep Elf Venom Mage on May 17, 2021.
             Was a Believer of Elyvilon.
             Shot with an arrow by a centaur (8 damage)
             ... on level 7 of the Dungeon.
             The game lasted 00:25:15 (5516 turns).

Sweetruy1997 the Magician (Deep Elf Venom Mage)     Turns: 5516, Time: 00:25:16

Health: -3/32      AC:  7    Str:  4 (5)  XL:     6   Next: 30%
Magic:  11/16      EV: 11    Int: 22      God:    Elyvilon [**....]
Gold:   182        SH:  0    Dex: 14 (15) Spells: 4/16 levels left

rFire    . . .     SeeInvis .   a - staff of cold
rCold    + . .     Faith    .   (no shield)
rNeg     . . .     Spirit   .   l - +0 leather armour
rPois    .         Reflect  .   (no helmet)
rElec    .         Harm     .   (no cloak)
rCorr    .         Rampage  .   (no gloves)
Will     +....                  (no boots)
Stlth    ++........             (no amulet)
HPRegen  0.10/turn              f - +4 ring of protection
MPRegen  0.15/turn              n - ring of willpower

@: no status effects
A: no striking features
a: Renounce Religion, Lesser Healing, Heal Other, Divine Protection


You were on level 7 of the Dungeon.
You worshipped Elyvilon.
Elyvilon was pleased with you.
You visited 1 branch of the dungeon, and saw 5 of its levels.

You collected 182 gold pieces.

Inventory:

Armour
 l - a +0 leather armour (worn)
Magical Staves
 a - a staff of cold (weapon)
Jewellery
 f - a +4 ring of protection (left hand)
 k - a ring of resist corrosion
 n - a ring of willpower (right hand)
Scrolls
 b - a scroll of teleportation
 d - a scroll of amnesia
Potions
 c - a potion of curing {unknown}
 i - a potion of might
 j - a potion of flight
 m - a potion of lignification {unknown}


   Skills:
 + Level 0.2 Fighting
 - Level 0.3 Short Blades
 + Level 0.1 Staves
 + Level 0.6 Armour
 + Level 2.8 Dodging
 + Level 3.0 Stealth
 + Level 5.8 Spellcasting
 + Level 1.2 Conjurations
 + Level 2.1 Transmutations
 + Level 0.5 Fire Magic
 + Level 2.1 Air Magic
 + Level 4.5 Poison Magic


You had 4 spell levels left.
You knew the following spells:

 Your Spells              Type           Power      Damage    Failure   Level
a - Sting                 Tmut/Pois      84%        1d7       4%          1
b - Poisonous Vapours     Pois/Air       42%        N/A       6%          2
c - Ignite Poison         Fire/Tmut/Pois 17%        N/A       19%         3
d - Mephitic Cloud        Conj/Pois/Air  17%        N/A       17%         3
e - Magic Dart            Conj           44%        1d5       10%         1
f - Searing Ray           Conj           22%        3d3       16%         2

Your spell library contained the following spells:

 Spells                   Type           Power      Damage    Failure   Level
 Olgreb's Toxic Radiance  Pois           26%        N/A       26%         4
 Dazzling Flash           Conj/Hex       18%        N/A       36%         3
 Fulminant Prism          Conj/Hex       4%         3d6       78%         4
 Iskenderun's Mystic Bla  Conj/Tloc      9%         2d4       78%         4


Dungeon Overview and Level Annotations

Branches:
Dungeon (4/15)
 Temple: D:4-7

Altars:
Elyvilon
Gozag

Shops:
D:4 :


Message History

The centaur shoots an arrow.
The arrow closely misses you.
The centaur shoots an arrow.
The arrow closely misses you.
You see here 12 gold pieces.
You now have 182 gold pieces (gained 12).
The centaur shoots an arrow.
The arrow hits you!
The centaur shoots an arrow.
The arrow barely misses you.
The iguana hisses angrily.
Casting: Poisonous Vapours (safe; 6% risk of failure)
Confirm with . or Enter, or press ? or * to list all spells.
Aiming: Poisonous Vapours (safe; 6% risk of failure)
Press: ? - help, Dir - move target, f - centaur
Aim: a centaur, wielding a +2 vorpal shortbow and quivering arrows
Okay, then.
Casting: Poisonous Vapours (safe; 6% risk of failure)
Confirm with . or Enter, or press ? or * to list all spells.
Aiming: Searing Ray (safe; 16% risk of failure)
Press: ? - help, Shift-Dir - straight line, f - centaur
Aim: a centaur, wielding a +2 vorpal shortbow and quivering arrows (85% to hit)
The searing ray hits the centaur!
The centaur is moderately wounded. (Press . to maintain the ray.)
The centaur shoots an arrow.
The arrow closely misses you.
The searing ray hits the centaur.
The centaur is heavily wounded.
The centaur shoots an arrow.
The arrow hits you.
The centaur shoots an arrow.
The arrow hits you!
* * * LOW HITPOINT WARNING * * *
x2 Unknown command.
The searing ray hits the centaur.
The centaur is severely wounded.
The centaur shoots an arrow.
The arrow hits you. Elyvilon protects you from harm!
* * * LOW HITPOINT WARNING * * *
The searing ray hits the iguana.
The iguana is lightly wounded.
The searing ray hits the centaur.
The centaur is almost dead.
You finish channeling your searing ray.
The centaur shoots an arrow.
The arrow hits you!
You die...

z####..# # #..# ...
#........ ##.#... ...
........# l.#..# ...
#.####### #...###.# #.#
# #....##.# #.# #
#.###....##.# #.# #
###...##..##.###.#######
.....l.@................
....c..........=.#######
##################


You could see a centaur and an iguana.

Vanquished Creatures
  An ogre (D:4)
  A jelly (D:3)
  An orc priest (D:3)
  3 hound skeletons (D:4)
  3 adders (D:2)
  A howler monkey skeleton (D:4)
  4 worms
  A dart slug (D:3)
  9 orcs
  11 endoplasms
  5 giant cockroaches
  4 goblins
  4 hobgoblins (D:1)
  14 jackals
  10 kobolds
  6 quokkas
  9 ball pythons
  5 bats
  A frilled lizard (D:3)
  5 rats
98 creatures vanquished.

Notes
Turn   | Place    | Note
-------+----------+-------------------------------------------
     0 | D:1      | Sweetruy1997 the Deep Elf Venom Mage began the quest for
                  | the Orb.
     0 | D:1      | Reached XP level 1. HP: 10/10 MP: 6/6
   208 | D:1      | Reached XP level 2. HP: 12/15 MP: 2/8
  1035 | D:1      | Reached XP level 3. HP: 18/19 MP: 8/10
  1045 | D:1      | Learned a level 2 spell: Poisonous Vapours
  1049 | D:1      | Learned a level 3 spell: Ignite Poison
  1053 | D:1      | Learned a level 3 spell: Mephitic Cloud
  2105 | D:2      | Reached skill level 4 in Spellcasting
  2227 | D:2      | Learned a level 1 spell: Magic Dart
  2255 | D:2      | Found a faded altar of an unknown god.
  2551 | D:2      | Reached XP level 4. HP: 24/24 MP: 6/12
  2654 | D:2      | Found an opulent altar of Gozag.
  3873 | D:3      | Reached skill level 1 in Air Magic
  3873 | D:3      | Reached XP level 5. HP: 13/28 MP: 7/13
  3934 | D:3      | Learned a level 2 spell: Searing Ray
  4383 | D:3      | Reached skill level 5 in Spellcasting
  4597 | D:2      | Became a worshipper of Elyvilon the Healer
  4597 | D:2      | Reached * piety under Elyvilon
  4878 | D:4      | Reached skill level 1 in Conjurations
  5313 | D:4      | Reached ** piety under Elyvilon
  5330 | D:4      | Found Barem's Book Emporium.
  5348 | D:4      | Noticed an ogre
  5352 | D:4      | Killed an ogre
  5353 | D:4      | Reached XP level 6. HP: 32/32 MP: 6/16
  5475 | D:4      | You fall into a shaft and drop 3 floors!
  5515 | D:7      | Elyvilon protects you from harm!
  5516 | D:7      | Shot with an arrow by a centaur

Illustrated notes

Levels and vault maps discovered:
D:1:      dpeg_arrival_ternary, layout_loops_corners, minmay_strange_pillars,
          minmay_statues_item
D:2:      layout_loops_ring, shapermc_ecumenical_altar_notcrosses, basic_altar,
          minmay_pentomino_w2
D:3:      layout_loops_ring
D:4:      layout_basic, serial_shops, shop, serial_bayou_pond_d
D:7:      layout_loops_ring, nicolae_ru_path_of_blood, temple_statues,
          uniq_maggie, uniq_joseph

Skill      XL: |  1  2  3  4  5  6 |
---------------+-------------------+-----
Spellcasting   | 4 5 |  5.8
Poison Magic   | 4 |  4.5
Air Magic      | 1 2 |  2.1
Transmutations | 2 |  2.1
Conjurations   | 1 |  1.2
Stealth        | 3 |  3.0
Fighting       | |  0.2
Short Blades   | |  0.3
Staves         | |  0.1
Armour         | |  0.6
Dodging        | |  2.8
Fire Magic     | |  0.5

Action                   |  1- 3 |  4- 6 || total
-------------------------+-------+-------++-------
Melee: Dagger            |    44 |    53 ||    97
       Staff             |       |    18 ||    18
 Cast: Sting             |    68 |    15 ||    83
       Poisonous Vapours |     9 |    31 ||    40
       Magic Dart        |     8 |    58 ||    66
       Ignite Poison     |     3 |     5 ||     8
       Mephitic Cloud    |       |     1 ||     1
       Searing Ray       |       |     2 ||     2
  Use: Scroll            |       |     4 ||     4
       Potion            |       |     2 ||     2
 Stab: Sleeping          |     1 |     1 ||     2
Armor: Robe              |     7 |     4 ||    11
       Leather armour    |       |    20 ||    20
Dodge: Dodged            |    34 |    56 ||    90

Table legend: (Time is in decaauts)
 A = Elapsed time spent in this place.
 B = Non-inter-level travel time spent in this place.
 C = Inter-level travel time spent in this place.
 D = Time resting spent in this place.
 E = Time spent auto-exploring this place.
 F = Levels seen in this place.
 G = Mean time per level.
                   A        B        C        D        E       F      G
               +--------+--------+--------+--------+--------+-----+--------+
         Total |   5518 |   5321 |    197 |   1741 |   2955 |   5 | 1103.6 |
       Dungeon |   5518 |   5321 |    197 |   1741 |   2955 |   5 | 1103.6 |
               +--------+--------+--------+--------+--------+-----+--------+

Top non-repeatable levels by time:
     D:2: 1828 daAuts
     D:1: 1581 daAuts
     D:3: 1231 daAuts
     D:4: 835 daAuts
     D:7: 40 daAuts
